 Dungeon Crawl Stone Soup version 0.30-a0-12-gd8047c6341 (webtiles) character file.

Game seed: 7645756859976588137

7145 nickcage the Destroyer (level 10, -9/71 HPs)
             Began as a White Draconian Conjurer on Aug 23, 2022.
             Was a Follower of Vehumet.
             Mangled by Erica
             ... wielding a +3 scimitar of flaming
              (15 damage)
             ... on level 9 of the Dungeon.
             The game lasted 00:43:20 (11895 turns).

nickcage the Destroyer (White Draconian Conjurer)  Turns: 11895, Time: 00:43:21

Health: -9/71      AC:  7    Str:  9    XL:     10   Next: 85%
Magic:  22/22      EV: 12    Int: 28    God:    Vehumet [*.....]
Gold:   73         SH:  0    Dex: 11    Spells: 7/25 levels left

rFire   + . .      SeeInvis .    E - staff of cold
rCold   + + +      Faith    .    (no shield)
rNeg    . . .      Spirit   .    (body armour unavailable)
rPois   .          Reflect  .    (helmet restricted)
rElec   .          Harm     .    o - scarf {rC+ rF+}
rCorr   +          Rampage  .    (no gloves)
Will    .....                    (no boots)
Stlth   ..........               (no amulet)
HPRegen 0.21/turn                e - ring of resist corrosion
MPRegen 0.18/turn                v - +6 ring of intelligence

@: confused, short of breath, silenced, ambrosia-drunk
A: breathe frost, AC +7, unfitting armour, cold resistance 1, cold-blooded
a: Breathe Frost, Renounce Religion


You were on level 9 of the Dungeon.
You worshipped Vehumet.
Vehumet was aware of your devotion.
You visited 2 branches of the dungeon, and saw 10 of its levels.

You collected 577 gold pieces.
You spent 504 gold pieces at shops.

Inventory:

Hand Weapons
 q - a +4 flail of venom
 y - a +2 long sword
Armour
 l - a +0 cloak
 o - a scarf of resistance (worn)
Magical Staves
 c - a staff of air
 E - a staff of cold (weapon)
Jewellery
 e - a ring of resist corrosion (left hand)
 v - a +6 ring of intelligence (right hand)
 z - an amulet of faith
Wands
 p - a wand of polymorph (3)
 u - a wand of mindburst (19)
 B - a wand of charming (3)
 C - a wand of iceblast (8)
Scrolls
 d - a scroll of amnesia
 f - 8 scrolls of identify
 g - a scroll of teleportation
 n - 2 scrolls of immolation {unknown}
 r - a scroll of enchant armour {unknown}
 s - 2 scrolls of magic mapping {unknown}
 w - a scroll of fear
Potions
 a - 2 potions of magic
 b - 6 potions of curing
 j - 2 potions of brilliance {unknown}
 k - 3 potions of degeneration
 m - 3 potions of invisibility {unknown}
 x - a potion of haste {unknown}
 A - 2 potions of heal wounds {unknown}
 D - a potion of attraction {unknown}
 F - a potion of berserk rage {unknown}


   Skills:
 - Level 1.0 Fighting
 - Level 1.7 Dodging
 - Level 1.7 Stealth
 + Level 8.4 Spellcasting
 * Level 13.8 Conjurations
 - Level 1.0 Hexes
 - Level 4.0 Translocations
 * Level 1.5 Earth Magic


You had 7 spell levels left.
You knew the following spells:

 Your Spells              Type           Power      Damage    Failure   Level
a - Magic Dart            Conj           100%       1d8       0%          1
b - Searing Ray           Conj           100%       2d8       1%          2
c - Fulminant Prism       Conj/Hex       26%        3d14      2%          4
d - Iskenderun's Mystic   Conj/Tloc      57%        2d12      1%          4
e - Blink                 Tloc           68%        N/A       1%          2
f - Lee's Rapid Deconstr  Erth           10%        3d9*      56%         5

Your spell library contained the following spells:

 Spells                   Type           Power      Damage    Failure   Level
 Sandblast                Erth           40%        2d10      2%          1
 Foxfire                  Conj/Fire      100%       2x1d9     1%          1
 Conjure Flame            Conj/Fire      50%        6-21      1%          3
 Dazzling Flash           Conj/Hex       100%       N/A       1%          3
 Flame Wave               Conj/Fire      50%        2d12      2%          4
 Inner Flame              Hex/Fire       14%        N/A       12%         3
 Manifold Assault         Tloc           34%        N/A       26%         5
 Leda's Liquefaction      Hex/Erth       9%         N/A       28%         4
 Statue Form              Tmut/Erth      10%        N/A       99%         6
 Storm Form               Tmut/Air       5%         N/A       100%        7


Dungeon Overview and Level Annotations

Branches:
Dungeon (9/15)             Temple (1/1) D:6
   Lair: D:8-11         Orc: D:9-12

Altars:
Ashenzari
Cheibriados
Dithmenos
Fedhas
Hepliaklqana
Kikubaaqudgha
Makhleb
Nemelex Xobeh
Okawaru
Qazlal
Ru
Sif Muna
Trog
Uskayaw
Vehumet
Wu Jian
Xom
Yredelemnul
Zin
The Shining One

Shops:
D:6 (   D:8 (   D:9 :

Annotations:
D:9 3 transporters, Erica; pigah's ghost, journeyman OpAE


Innate Abilities, Weirdness & Mutations

You can breathe waves of freezing cold which knock back foes.
Your icy white scales are hard. (AC +7)
You cannot fit into any form of body armour.
Your flesh is cold resistant. (rC+)
You are cold-blooded and may be slowed by cold attacks.


Message History

Aiming: Magic Dart (safe; 0% risk of failure)
Press: ? - help, Q - select action, (/) - cycle Shift-Dir - straight line The magic dart hits something.
Aiming: Magic Dart (safe; 0% risk of failure)
Press: ? - help, Q - select action, (/) - cycle Shift-Dir - straight line The magic dart hits something.
As you read the scroll labelled HAUMNI LERA, it crumbles to dust.
A profound silence engulfs you.
It was a scroll of silence.
Found a lajatang.
Something hits you! Something burns you.
You hit something.
Your tail-slap misses something.
Something hits you! Something burns you.
Aiming: Breathe Frost (3% risk of failure)
Press: ? - help, Shift-Dir - straight line You exhale a wave of freezing cold.
Something hits you! Something burns you.
Aiming: Corrosive Bolt
Press: ? - help, Shift-Dir - straight line The bolt of acid hits something!
The acid corrodes something!
Something barely misses you.
Aiming: Corrosive Bolt
Press: ? - help, Shift-Dir - straight line The bolt of acid hits something!
Something seems to be corroded for longer.
The now-empty wand crumbles to dust.
Something hits you!
You are confused.
You feel invigorated. Something hits you! Something hits you!
* * * LOW HITPOINT WARNING * * *
You bump into the rock wall.
Something hits you!
* * * LOW HITPOINT WARNING * * *
Something burns you.
* * * LOW HITPOINT WARNING * * *
Something hits you!
* * * LOW HITPOINT WARNING * * *
You're too confused to move!
Something hits you!
* * * LOW HITPOINT WARNING * * *
Something burns you.
* * * LOW HITPOINT WARNING * * *
Something hits you!
You die...

###.......##..<.....##....
#........#####....####....
#........###..........#...
........##...........#...
###.....##..........##...
##.#..##................
#..#....................
#..##.......................
...........@#...............
##.........##.......##......
#.........###..............
#..........# .#............
#........#..#
####.........รท
#........##.# #..........
.......).# .. #..........
#........# #.. ##..........
##...........


There were no monsters in sight!

Vanquished Creatures
  A two-headed ogre (D:8)
  Pikel (D:8)
  An unseen horror (D:9)
  A kobold demonologist (D:9)
  A shadow (D:9)
  8 yaks
  2 wyverns (D:8)
  4 steam dragons
  3 water moccasins
  2 orc warriors
  2 ice beasts
  3 black bears
  4 ogres
  4 lemures (D:8)
  A phantom (D:7)
  A kobold brigand (D:6)
  A bullfrog (D:7)
  3 scorpions
  2 wyvern zombies (D:7)
  2 necrophages
  11 wights
  2 centaur zombies (D:7)
  A bullfrog zombie (D:7)
  2 hounds
  2 jellies
  Crazy Yiuf (D:7)
  3 orc priests (D:6)
  2 gnoll boudas
  4 iguanas
  5 orc wizards
  Robin (D:2)
  7 gnolls
  2 river rats (D:3)
  8 adders
  A white imp (D:6)
  4 worms
  3 dart slugs
  24 orcs
  5 bats
  6 endoplasms
  3 giant cockroaches
  20 goblins
  7 hobgoblins
  6 jackals
  16 kobolds
  4 quokkas
  7 ball pythons
  18 frilled lizards
  19 rats
241 creatures vanquished.

Vanquished Creatures (others)
  7 fulminant prisms
  5 plants
12 creatures vanquished.

Grand Total: 253 creatures vanquished

Notes
Turn   | Place    | Note
-------+----------+-------------------------------------------
     0 | D:1      | nickcage the Draconian Conjurer began the quest for the
                  | Orb.
     0 | D:1      | Reached XP level 1. HP: 14/14 MP: 3/3
   183 | D:1      | Reached XP level 2. HP: 17/20 MP: 0/5
   597 | D:1      | Reached XP level 3. HP: 21/26 MP: 0/6
   729 | D:1      | Learned a level 2 spell: Searing Ray
  1135 | D:2      | Reached skill level 5 in Conjurations
  1448 | D:2      | Reached XP level 4. HP: 33/33 MP: 0/7
  1471 | D:2      | Learned a level 4 spell: Fulminant Prism
  1723 | D:2      | Noticed Robin
  1802 | D:2      | Killed Robin
  2847 | D:3      | Reached XP level 5. HP: 38/38 MP: 5/9
  2906 | D:3      | Reached skill level 1 in Hexes
  3359 | D:3      | Reached skill level 6 in Conjurations
  3799 | D:4      | Found an iron altar of Okawaru.
  3908 | D:4      | Reached XP level 6. HP: 45/45 MP: 4/10
  4111 | D:4      | Learned a level 4 spell: Iskenderun's Mystic Blast
  4146 | D:4      | Reached skill level 7 in Conjurations
  4700 | D:5      | Entered Level 5 of the Dungeon
  4701 | D:5      | Found a broken altar of Ashenzari.
  4717 | D:5      | Noticed an ice beast
  4770 | D:4      | Killed an ice beast
  4771 | D:4      | Reached skill level 1 in Translocations
  4771 | D:4      | Your scales start taking on an icy white colour.
  4771 | D:4      | Reached XP level 7. HP: 33/50 MP: 0/12
  4771 | D:4      | Gained mutation: Your flesh is cold resistant. (rC+) [White
                  | Draconian growth]
  4998 | D:5      | Reached skill level 8 in Conjurations
  5726 | D:5      | Reached XP level 8. HP: 57/57 MP: 9/14
  5775 | D:5      | Reached skill level 9 in Conjurations
  6123 | D:6      | Reached skill level 5 in Spellcasting
  6244 | D:6      | Reached skill level 10 in Conjurations
  6661 | D:6      | Reached XP level 9. HP: 62/62 MP: 6/17
  7041 | D:6      | Found a stormy altar of Qazlal.
  7066 | D:6      | Found a staircase to the Ecumenical Temple.
  7154 | Temple   | Entered the Ecumenical Temple
  7202 | Temple   | Became a worshipper of Vehumet
  7410 | D:6      | Reached skill level 11 in Conjurations
  7593 | D:6      | Found a burning altar of Makhleb.
  7681 | D:6      | Found Paofogik's Antique Weapon Boutique.
  7977 | D:7      | Learned a level 2 spell: Blink
  8154 | D:7      | Reached skill level 1 in Fighting
  8340 | D:7      | Found a runed translucent door.
  8341 | D:7      | Noticed Crazy Yiuf
  8347 | D:7      | Killed Crazy Yiuf
  8610 | D:7      | Reached * piety under Vehumet
  8610 | D:7      | Offered knowledge of Sandblast by Vehumet.
  9184 | D:8      | Identified the +5 scale mail of Contentment {Harm rPois
                  | Will++}
  9198 | D:8      | Reached skill level 12 in Conjurations
  9241 | D:8      | Noticed a two-headed ogre
  9253 | D:8      | Killed a two-headed ogre
  9254 | D:8      | Reached XP level 10. HP: 59/71 MP: 7/20
  9553 | D:8      | Found Ryisy's Antique Weapon Shop.
 10383 | D:8      | Found a shimmering blue altar of Sif Muna.
 10399 | D:8      | Noticed Pikel
 10408 | D:8      | Killed Pikel
 10469 | D:9      | Noticed a two-headed ogre
 10469 | D:9      | Noticed pigah's ghost (journeyman OpAE)
 10469 | D:9      | Found a transporter.
 10469 | D:9      | Found a transporter.
 10470 | D:9      | Noticed a two-headed ogre
 10470 | D:9      | Noticed a two-headed ogre
 10473 | D:9      | Noticed a two-headed ogre
 10474 | D:9      | Reached skill level 13 in Conjurations
 10787 | D:9      | Found Gyirall's Book Shop.
 10797 | D:9      | Bought a book of the Earth for 504 gold pieces
 11012 | D:8      | Learned a level 5 spell: Lee's Rapid Deconstruction
 11051 | D:9      | Reached skill level 1 in Earth Magic
 11191 | D:9      | Noticed Erica
 11513 | D:9      | Found a transporter.
 11894 | D:9      | HP: 3/71 [something (1)]
 11895 | D:9      | Mangled by Erica

Illustrated notes

Levels and vault maps discovered:
D:1:      wander_arrival_estate, layout_basic, minmay_split_cup_large
D:2:      layout_basic, uniq_robin
D:3:      layout_basic, lightli_sewer_entry_pipes, minmay_lizard_king
D:4:      layout_loops_ring, mainiacjoe_overflow_chevrons
D:5:      layout_basic, cheibrodos_ashenzari_chains
D:6:      layout_loops_ring, kennysheep_mini_moat,
          nicolae_qazlal_general_emergency, minmay_temple_entry_proselytizer,
          serial_shops, nicolae_shop_advertising_works
          [nicolae_subvault_shop_adworks], minmay_misc_feat_cross,
          glass_columns_c
D:7:      layout_loops_ring, serial_undead, serial_undead_b, serial_undead_b,
          serial_undead_e, serial_undead_e, uniq_crazy_yiuf_cottage
D:8:      layout_basic, nicolae_sif_muna_little_library, serial_shops,
          nicolae_shop_overgrown_old_shop, eino_curves_02, dk_noncrumbling_2,
          grunt_ministairs_13, dk_noncrumbling_3, uniq_pikel
D:9:      layout_cave_pools, gammafunk_ghost_smash, serial_shops,
          nicolae_lakefront_shop, nicolae_diode_basic, uniq_erica
Temple:   nicolae_temple_superstar

Skill      XL: |  1  2  3  4  5  6  7  8  9 10 |
---------------+-------------------------------+-----
Conjurations   | 5 6 7 8 10 12 13 | 13.8
Spellcasting   | 3 4 5 7 8 |  8.4
Hexes          | 1 |  1.0
Translocations | 1 2 4 |  4.0
Fighting       | 1 |  1.0
Earth Magic    | 1 |  1.5
Dodging        | |  1.7
Stealth        | |  1.7

Action                   |  1- 3 |  4- 6 |  7- 9 | 10-12 || total
-------------------------+-------+-------+-------+-------++-------
Melee: Unarmed           |     8 |       |       |       ||     8
       Tailslap          |     4 |     3 |     1 |     2 ||    10
       Staff             |    13 |    47 |     8 |     5 ||    73
 Cast: Magic Dart        |    80 |    77 |    74 |    24 ||   255
       Searing Ray       |       |    19 |    56 |    21 ||    96
       Fulminant Prism   |       |       |     2 |     5 ||     7
       Iskenderun's Myst |       |       |     2 |     8 ||    10
 Abil: Breathe Frost     |       |       |     6 |     5 ||    11
Evoke: Wand              |       |       |       |     6 ||     6
  Use: Scroll            |       |     7 |       |     1 ||     8
       Potion            |       |       |       |     1 ||     1
Armor: Skin              |    11 |    39 |    29 |    15 ||    94
Dodge: Dodged            |    13 |    67 |    47 |    17 ||   144

Table legend: (Time is in decaauts)
 A = Elapsed time spent in this place.
 B = Non-inter-level travel time spent in this place.
 C = Inter-level travel time spent in this place.
 D = Time resting spent in this place.
 E = Time spent auto-exploring this place.
 F = Levels seen in this place.
 G = Mean time per level.
                   A        B        C        D        E       F      G
               +--------+--------+--------+--------+--------+-----+--------+
         Total |  11950 |  11644 |    306 |   1864 |   8245 |  10 | 1195.0 |
       Dungeon |  11842 |  11548 |    294 |   1864 |   8169 |   9 | 1315.8 |
        Temple |    108 |     97 |     11 |      0 |     76 |   1 |  108.0 |
               +--------+--------+--------+--------+--------+-----+--------+

Top non-repeatable levels by time:
     D:8: 1963 daAuts
     D:6: 1434 daAuts
     D:5: 1411 daAuts
     D:3: 1359 daAuts
     D:2: 1339 daAuts
     D:4: 1215 daAuts
     D:7: 1154 daAuts
     D:1: 1096 daAuts
     D:9: 867 daAuts
  Temple: 108 daAuts
